 Dungeon Crawl Stone Soup version 0.26-a0-579-g3afe4966bf (webtiles) character file.

Game seed: 8207031675112316408

(classic levelgen) 14 EnegeticOcto the Shield-Bearer (level 2, -2/27 HPs)
             Began as a Deep Dwarf Fighter on Aug 23, 2020.
             Was an Initiate of Nemelex Xobeh.
             Killed from afar by Sigmund (9 damage)
             ... with a magic dart
             ... on level 2 of the Dungeon.
             The game lasted 00:01:51 (469 turns).

EnegeticOcto the Shield-Bearer (Deep Dwarf Fighter)  Turns: 469, Time: 00:01:52

Health: -2/27      AC:  6    Str: 19    XL:     2   Next: 31%
Magic:  2/2        EV:  7    Int:  8    God:    Nemelex Xobeh [......]
Gold:   30         SH:  0    Dex: 12    Spells: 1/1 levels left

rFire    . . .     SeeInvis .   a - +0 war axe
rCold    . . .     Faith    .   c - +0 kite shield
rNeg     . . .     Spirit   .   b - +0 scale mail
rPois    .         Reflect  .   (no helmet)
rElec    .         Harm     .   (no cloak)
rCorr    .                      (no gloves)
MR       .....                  (no boots)
Stlth    ..........             (no amulet)
HPRegen  0.00/turn              (no ring)
MPRegen  0.08/turn              (no ring)

@: confused, non-regenerating
A: damage resistance, heal wounds, sense surroundings 1, no regeneration
a: Heal Wounds, Draw Escape, Draw Destruction, Draw Summoning, Renounce Religion


You were on level 2 of the Dungeon.
You worshipped Nemelex Xobeh.
Nemelex Xobeh was noncommittal.
You visited 1 branch of the dungeon, and saw 2 of its levels.

You collected 30 gold pieces.

Inventory:

Hand Weapons
 a - a +0 war axe (weapon)
Missiles
 i - 4 javelins (quivered)
Armour
 b - a +0 scale mail (worn)
 c - a +0 kite shield (worn)
Scrolls
 e - a scroll of blinking {@r4}
 j - 3 scrolls of identify {unknown}
 k - a scroll of fear {unknown}
 l - a scroll of magic mapping {unknown}
Potions
 d - a potion of might {@q3 !q}
 f - a potion of curing {unknown}
 g - a potion of haste {unknown}
 h - a potion of lignification {unknown}


   Skills:
 - Level 2.6 Fighting
 * Level 3.2 Axes
 - Level 3.2 Armour
 - Level 3.2 Shields
 + Level 0.5 Invocations


You had one spell level left.
You didn't know any spells.
Your spell library was empty.

Dungeon Overview and Level Annotations

Branches:
Dungeon (2/15)

Altars:
Nemelex Xobeh

Annotations:
D:2 Sigmund


Innate Abilities, Weirdness & Mutations

You are resistant to damage.
You can heal yourself by infusing magical energy.
You passively map a small area around you.
You do not regenerate.


Message History

You climb downwards.
Found a hunting sling.
There is a stone staircase leading up here.
Found a dagger.
A rat comes into view.
A rat is nearby!
You see here a dagger.
The rat bites you but does no damage.
You closely miss the rat. The rat bites you.
You barely miss the rat. You block the rat's attack.
The rat bites you but does no damage.
You hit the rat.
The rat is severely wounded.
You block the rat's attack.
You hit the rat.
You kill the rat!
No target in view!
No target in view!
No target in view!
No target in view!
No target in view!
No target in view!
Found 11 gold pieces and a scroll labeled POOHITTEXEA.
Found a scroll labeled OHOTIQ BABAHEI and 9 gold pieces.
You now have 21 gold pieces (gained 11).
k - a scroll labeled POOHITTEXEA
l - a scroll labeled OHOTIQ BABAHEI You now have 30 gold pieces (gained 9).
A bat comes into view.
A bat is nearby!
The bat closely misses you.
You closely miss the bat. The bat closely misses you.
The bat hits you but does no damage.
You hit the bat but do no damage. You block the bat's attack.
The bat hits you but does no damage. x2
You hit the bat.
The bat is moderately wounded.
The bat hits you but does no damage. x2; You block the bat's attack.
You hit the bat.
You kill the bat!
You see here a bat corpse.
Found a scroll labeled XIRUL FOPTINT.
j - 3 scrolls labeled XIRUL FOPTINT (gained 1)
Found 11 stones.
You see here 11 stones.
Sigmund the Dreaded comes into view.
He is wielding a -2 scythe.
Sigmund shouts!
Throwing (i - inventory)
i - 5 javelins (quivered)
Press: ? - help, Shift-Dir - straight line, f - Sigmund
Aim: Sigmund, wielding a -2 scythe and wearing a +0 robe You throw a javelin.
The javelin closely misses Sigmund.
Sigmund closely misses you.
Sigmund points at you and mumbles some strange words.
You are confused.
You are too confused!
You are too confused!
You are too confused!
You are too confused!
You are too confused!
You are too confused!
You are too confused!
You are too confused!
You are too confused!
You are too confused!
You are too confused!
You are too confused!
You are too confused!
You are too confused!
You are too confused!
You are too confused!
You are too confused!
You are too confused!
You are too confused!
You are too confused!
Sigmund gestures at you while chanting.
You are more confused.
Sigmund hits you but does no damage.
You bump into the rock wall.
Sigmund closely misses you.
You slash Sigmund!
Sigmund is moderately wounded.
You closely miss Sigmund.
Sigmund is moderately wounded.
Sigmund hits you with a cursed -2 scythe!
You slash Sigmund!
Sigmund is severely wounded.
Sigmund hits you but does no damage. Sigmund closely misses you.
Sigmund barely misses you.
You hit Sigmund.
Sigmund is severely wounded.
Sigmund casts a spell at you. The puff of flame hits you!
* * * LOW HITPOINT WARNING * * *
You're too confused!
You hit Sigmund.
Sigmund is severely wounded.
Sigmund points at you and mumbles some strange words.
The magic dart hits you!
You die...
Your body disappears without a glow.

* ####### *
#..)..#
#.....########
,
#............
* #...<.# *#..
#.....# #.#,
###.### #@# *,
#.# #@# ,* * ,
#.# #.# , ,
########.#
#.#* *
.......#.# #.#
######.#.# #.#
#.#.#######.#*
*
#(#.........#*
,
#.#..########
* #####.#..#


You could see Sigmund.

Vanquished Creatures
  A ball python (D:1)
  A hobgoblin (D:1)
  4 jackals (D:1)
  4 bats
  A kobold (D:1)
  3 rats
14 creatures vanquished.

Notes
Turn   | Place    | Note
-------+----------+-------------------------------------------
     0 | D:1      | EnegeticOcto the Deep Dwarf Fighter began the quest for the
                  | Orb.
     0 | D:1      | Reached XP level 1. HP: 20/20 MP: 1/1
   207 | D:1      | Reached skill level 3 in Axes
   253 | D:1      | Found a sparkling altar of Nemelex Xobeh.
   260 | D:1      | Became a worshipper of Nemelex Xobeh the Trickster
   281 | D:1      | Reached XP level 2. HP: 27/27 MP: 2/2
   306 | D:1      | Received a gift from Nemelex Xobeh
   455 | D:2      | Noticed Sigmund
   469 | D:2      | Killed from afar by Sigmund

Illustrated notes

Levels and vault maps discovered:
D:1:      onia_arrival_pyramid, layout_loops_corners,
          nemelex_xobeh_ov_fountains_minmay
D:2:      layout_loops_ring, okawaru_gym_becter, uniq_crazy_yiuf_cottage,
          uniq_jessica, uniq_sigmund

Skill      XL: |  1 |
---------------+----+-----
Axes           | 3 |  3.2
Fighting       | |  2.6
Armour         | |  3.2
Shields        | |  3.2
Invocations    | |  0.5

Action                   || total
-------------------------++-------
Melee: War axe           ||    47
Throw: Javelin           ||     1
  Use: Scroll            ||     1
Armor: Scale mail        ||    35
Dodge: Dodged            ||    22
Block: Kite shield       ||    40

Table legend: (Time is in decaauts)
 A = Elapsed time spent in this place.
 B = Non-inter-level travel time spent in this place.
 C = Inter-level travel time spent in this place.
 D = Time resting spent in this place.
 E = Time spent auto-exploring this place.
 F = Levels seen in this place.
 G = Mean time per level.
                   A        B        C        D        E       F      G
               +--------+--------+--------+--------+--------+-----+--------+
         Total |    489 |    472 |     17 |      0 |      0 |   2 |  244.5 |
       Dungeon |    489 |    472 |     17 |      0 |      0 |   2 |  244.5 |
               +--------+--------+--------+--------+--------+-----+--------+

Top non-repeatable levels by time:
     D:1: 327 daAuts
     D:2: 162 daAuts
